 Dungeon Crawl Stone Soup version 0.29-a0-1052-g6990b1bffc (webtiles) character file.

Game seed: 14115438982412739822

183 drugrobin the Trooper (level 5, -1/47 HPs)
             Began as a Demigod Delver on Aug 17, 2022.
             Slain by Sigmund
             ... wielding a +4 scythe
              (7 damage)
             ... on level 3 of the Dungeon.
             The game lasted 00:06:13 (2520 turns).

drugrobin the Trooper (Demigod Delver)              Turns: 2520, Time: 00:06:14

Health: -1/47      AC:  6    Str: 17    XL:     5   Next: 13%
Magic:  7/7        EV:  9    Int: 17    God:
Gold:   149        SH:  0    Dex: 10    Spells: 4/4 levels left

rFire   . . .      SeeInvis .   a - +9 whip of Jenyreew {distort, rN+ Int+5 Dex-5}
rCold   . . .      Faith    .   (no shield)
rNeg    + . .      Spirit   .   h - +0 scale mail
rPois   .          Reflect  .   (no helmet)
rElec   .          Harm     .   (no cloak)
rCorr   .          Rampage  .   (no gloves)
Will    .....                   (no boots)
Stlth   +.........              (no amulet)
HPRegen 0.15/turn               (no ring)
MPRegen 0.10/turn               (no ring)

@: no status effects
A: high MP 1, forlorn, divine attributes
a: no special abilities


You were on level 3 of the Dungeon.
You visited 1 branch of the dungeon, and saw 5 of its levels.

You collected 149 gold pieces.

Inventory:

Hand Weapons
 a - the +9 whip of Jenyreew (weapon) {distort, rN+ Int+5 Dex-5}
   (You found it on level 2 of the Dungeon)

   It warps and distorts space around it, and may blink, banish, or inflict
   extra damage upon those it strikes.
   Unwielding it can cause banishment or high damage.
   Int:       It affects your intelligence (+5).
   Dex:       It affects your dexterity (-5).
   rN:        It protects you from negative energy.
 b - a +2 dagger of venom
Missiles
 t - 5 poisoned darts
 w - a throwing net
Armour
 h - a +0 scale mail (worn)
 s - a +0 leather armour
Wands
 g - a wand of digging (3)
Scrolls
 c - a scroll of fog
 d - a scroll of magic mapping
 e - 2 scrolls of fear
 j - 3 scrolls of identify {unknown}
 l - a scroll of blinking {unknown}
 p - 2 scrolls of vulnerability {unknown}
 r - 2 scrolls of teleportation {unknown}
 v - a scroll of enchant armour {unknown}
Potions
 f - 6 potions of haste
 i - a potion of ambrosia {unknown}
 k - 2 potions of curing
 m - a potion of magic {unknown}
 n - a potion of brilliance {unknown}
 o - a potion of degeneration {unknown}
 q - a potion of berserk rage {unknown}
 u - a potion of cancellation {unknown}


   Skills:
 + Level 4.9 Fighting
 - Level 3.0 Axes
 - Level 1.7 Dodging
 - Level 4.5 Stealth


You had 4 spell levels left.
You didn't know any spells.
Your spell library was empty.

Dungeon Overview and Level Annotations

Branches:
Dungeon (5/15)
 Temple: D:4-7

Shops:
D:3 [

Annotations:
D:3 Sigmund


Innate Abilities, Weirdness & Mutations

You have an increased reservoir of magic. (+10% MP)
You shall have no god before yourself.
Your divine heritage dramatically boosts your attributes as you level up.


Message History

You kill the black bear!
You have reached level 5!
Something hits you.
Things that are here:
a scroll labelled EZXAGE DUMIETT; a hobgoblin corpse You barely miss something.
Something hits you!
You closely miss something. You closely miss something. Something hits you.
You hit something.
Space warps around something.
Something hits you.
* * * LOW HITPOINT WARNING * * *
You barely miss something. You barely miss something.
You hear some strange, mumbled words.
You are confused.
Unknown command.
Unknown command.
Unknown command.
You bump into the rock wall.
Something hits you.
* * * LOW HITPOINT WARNING * * *
Unknown command.
Unknown command.
Unknown command.
You miss something. Something hits you.
* * * LOW HITPOINT WARNING * * *
Unknown command.
Unknown command.
Unknown command.
It was a potion of curing.
You feel better.
Unknown command.
You miss something. Something hits you.
* * * LOW HITPOINT WARNING * * *
You miss something.
You hear some strange, mumbled words.
A puff of flame appears from out of thin air!
The puff of flame hits you!
* * * LOW HITPOINT WARNING * * *
Unknown command.
Unknown command.
You barely miss something. Something hits you!
You die...

.#.## #######.#
######... ## #
........#
#......[# #
.######.#
#.#####)# . #.#
.. #.# ## #
#####.##.#.#
#.#
#.##..........#
#.#
#........##.###
#.#
####..#.###g#
.. #.#
......#@# #.#
## #.#
.$.....{###.#
#..
####.....†..#
### ##########


There were no monsters in sight!

Vanquished Creatures
  A black bear (D:3)
  3 adders
  A worm (D:2)
  3 dart slugs (D:1)
  2 bats (D:1)
  5 endoplasms
  3 giant cockroaches
  4 goblins
  6 hobgoblins
  4 jackals (D:1)
  3 quokkas
  7 ball pythons
  2 frilled lizards
  3 kobolds
  4 rats
51 creatures vanquished.

Notes
Turn   | Place    | Note
-------+----------+-------------------------------------------
     0 | D:5      | drugrobin the Demigod Delver began the quest for the Orb.
     0 | D:5      | Reached XP level 1. HP: 18/18 MP: 3/3
   361 | D:1      | Reached XP level 2. HP: 25/25 MP: 4/4
  1076 | D:1      | Reached XP level 3. HP: 31/31 MP: 5/5
  1399 | D:2      | Identified the +9 whip of Jenyreew {distort, rN+ Int+5
                  | Dex-5}
  1996 | D:3      | Noticed a black bear
  2158 | D:3      | Reached XP level 4. HP: 25/40 MP: 6/6
  2433 | D:3      | Found Nypseacw's Armour Shoppe.
  2433 | D:3      | Noticed Sigmund
  2507 | D:3      | Killed a black bear
  2508 | D:3      | Reached XP level 5. HP: 34/47 MP: 7/7
  2520 | D:3      | Slain by Sigmund

Illustrated notes

Levels and vault maps discovered:
D:1:      lemuel_arrival_cross, layout_loops_ring
D:2:      layout_basic, chequers_ecumenical_altar_simple, minmay_misc_feat_chi
D:3:      layout_loops_ring, serial_shops, shop, uniq_sigmund
D:4:      layout_gridville, kennysheep_generic_room_11
D:5:      layout_loops_ring, lemuel_temple_firewalk_b, serial_rivers,
          chequers_serial_rivers_room_b, chequers_serial_rivers_room_b,
          chequers_serial_rivers_micro_d, chequers_serial_rivers_small_3,
          chequers_serial_rivers_micro_a, nrook_campfire, uniq_edmund,
          uniq_crazy_yiuf_cottage

Skill      XL: |  1  2  3  4 |
---------------+-------------+-----
Axes           | 2 3 |  3.0
Fighting       | 3 4 |  4.9
Dodging        | |  1.7
Stealth        | |  4.5

Action                   |  1- 3 |  4- 6 || total
-------------------------+-------+-------++-------
Melee: Hand axe          |    91 |       ||    91
       Whip              |    21 |    25 ||    46
 Fire: Sling             |    15 |       ||    15
  Use: Potion            |       |     1 ||     1
 Stab: Sleeping          |     1 |       ||     1
Armor: Scale mail        |    49 |    10 ||    59
Dodge: Dodged            |    52 |     8 ||    60

Table legend: (Time is in decaauts)
 A = Elapsed time spent in this place.
 B = Non-inter-level travel time spent in this place.
 C = Inter-level travel time spent in this place.
 D = Time resting spent in this place.
 E = Time spent auto-exploring this place.
 F = Levels seen in this place.
 G = Mean time per level.
                   A        B        C        D        E       F      G
               +--------+--------+--------+--------+--------+-----+--------+
         Total |   2539 |   2475 |     64 |    193 |   1679 |   5 |  507.8 |
       Dungeon |   2539 |   2475 |     64 |    193 |   1679 |   5 |  507.8 |
               +--------+--------+--------+--------+--------+-----+--------+

Top non-repeatable levels by time:
     D:1: 1067 daAuts
     D:2: 860 daAuts
     D:3: 554 daAuts
     D:5: 40 daAuts
     D:4: 17 daAuts
